Map: Gresvan LE

Players

ykk - Winner!

  • Race: Terran Terran
  • League: Silver
  • Spawn Location: 11:00

winzboy

  • Race: Protoss Protoss
  • League: Gold
  • Spawn Location: 5:00

VOD

Have the link to the VOD?

Description

Time

  • Played on: May 27, 2023, 12:01 a.m.
  • Length: 4:43
Show
View Real Time Build Order
Export as new Build Order

ykk Terran - Winner!

Build Orders:  

Get SALT Encoding   

  12  0:00  SCV  
  13  0:18  SCV  
  13  0:19  Supply Depot  
  14  0:26  Refinery  
  14  0:35  SCV  
  15  0:44  Barracks  
  15  0:47  SCV  
  16  0:58  Supply Depot  
  16  1:01  SCV  
  17  1:09  Refinery  
  17  1:13  SCV  
  18  1:25  SCV  
  19  1:45  SCV  
  20  1:48  Factory  
  20  1:58  SCV  
  20  2:00  Marine  
  22  2:18  Marine  
  23  2:26  SCV  
  24  2:35  Starport, Factory Tech Lab, Marine  
  25  2:38  SCV  
  26  2:46  Supply Depot  
  26  2:50  Orbital Command  
  26  2:53  Marine  
  26  2:56  Siege Tank  
  30  3:14  Medivac  
  32  3:27  Marine  
  32  3:28  Siege Tank  
  36  3:44  Medivac  
  36  3:45  Marine  
  39  4:03  Marine  
  39  4:04  Command Center  
  40  4:12  Engineering Bay  
  40  4:21  Marine  
Show
View Real Time Build Order
Export as new Build Order

winzboy Protoss 

Build Orders: 1 Gate Expand 

Get SALT Encoding   

  12  0:01  Probe  
  13  0:17  Pylon  
  13  0:19  Probe  
  14  0:31  Probe  
  15  0:37  Gateway  
  15  0:45  Assimilator  
  15  0:52  Probe (Chrono Boost)  
  16  1:02  Probe (Chrono Boost)  
  17  1:07  Probe (Chrono Boost)  
  18  1:18  Probe  
  19  1:27  Cybernetics Core  
  19  1:42  Nexus  
  19  1:49  Probe (Chrono Boost)  
  19  1:54  Assimilator  
  19  2:05  Warp Gate (Chrono Boost)  
  19  2:09  Adept  
  21  2:17  Probe  
  22  2:29  Probe  
  23  2:46  Pylon  
  23  2:54  Probe, Gateway x2  
  23  2:58  Probe  
  25  3:04  Pylon  
  25  3:06  Probe  
  25  3:07  Adept  
  29  3:14  Probe (Chrono Boost)  
  29  3:19  Probe (Chrono Boost)  
  30  3:29  Probe (Chrono Boost), Robotics Facility  
  32  3:34  Probe x2 (Chrono Boost), Assimilator  
  33  3:46  Probe (Chrono Boost)  
  35  3:51  Probe (Chrono Boost)  
  35  3:52  Stalker  
  37  3:56  Probe (Chrono Boost)  
  37  3:59  Probe (Chrono Boost)  
  37  4:00  Sentry  
  37  4:02  Probe  
  41  4:03  Stalker  
  44  4:10  Probe  
  44  4:14  Probe  
  47  4:17  Observer  
  47  4:19  Stalker  
  47  4:23  Probe (Chrono Boost), Assimilator  
  50  4:25  Pylon  
  50  4:28  Probe (Chrono Boost)  
  51  4:35  Probe (Chrono Boost)  
Tags
 
Matchup
PvT
Replay Pack
Multiplayer
Spawn Locations
Cross Positions
Add a new tag
Caveats
  • Supply blocks, unpowered buildings, or Contaminate may cause inaccurate times.
  • Supply counts are checked every 10 seconds.